Map: King's Cove LE

Players

Methodape

  • Race: Terran Terran
  • League: Master
  • Spawn Location: 11:00

Skillgannon - Winner!

  • Race: Terran Terran
  • League: Master
  • Spawn Location: 5:00

VOD

Have the link to the VOD?

Description

Time

  • Played on: June 21, 2019, 8:25 a.m.
  • Length: 5:39
Show
View Real Time Build Order
Export as new Build Order

Methodape Terran 

Build Orders: Gas First Reaper Expand 

Get SALT Encoding   

  12  0:02  SCV  
  13  0:14  SCV  
  13  0:18  Supply Depot  
  14  0:26  SCV  
  15  0:30  Refinery  
  15  0:40  SCV  
  16  0:47  Barracks  
  16  0:52  SCV  
  17  1:04  SCV  
  18  1:16  SCV  
  19  1:36  Orbital Command, Reaper  
  20  1:53  Command Center  
  20  2:02  SCV  
  20  2:08  Factory  
  21  2:15  Barracks Reactor, SCV  
  22  2:21  Supply Depot  
  22  2:23  Refinery  
  22  2:27  SCV  
  23  2:43  SCV  
  24  2:52  Starport  
  24  2:55  SCV  
  25  3:00  Hellion x2  
  25  3:04  Barracks Tech Lab  
  29  3:09  Orbital Command  
  29  3:11  SCV  
  30  3:23  SCV  
  30  3:25  Hellion  
  35  3:27  Hellion  
  35  3:35  SCV  
  35  3:37  Raven  
  35  3:39  SCV  
  38  3:45  Marine  
  38  3:48  Orbital Command, Hellion  
  41  3:52  Supply Depot  
  41  3:54  Bunker  
  41  3:55  SCV  
  42  4:02  Hellion  
  44  4:07  Marine  
  45  4:10  SCV  
  45  4:15  SCV  
  41  4:41  Siege Tank  
  41  4:42  Viking x2  
  41  4:44  SCV  
  49  4:46  SCV  
  49  4:50  Supply Depot, Bunker  
  43  5:11  SCV  
  39  5:23  SCV  
  43  5:32  Command Center  
Show
View Real Time Build Order
Export as new Build Order

Skillgannon Terran - Winner!

Build Orders: 1/1/1, Cyclone Opening 

Get SALT Encoding   

  12  0:00  SCV  
  13  0:12  SCV  
  14  0:18  Supply Depot  
  14  0:26  Refinery  
  14  0:29  SCV  
  16  0:44  Barracks  
  16  0:47  SCV  
  16  0:54  Refinery  
  16  0:59  SCV  
  17  1:11  SCV  
  18  1:27  SCV  
  19  1:34  Reaper  
  19  1:35  Factory  
  20  1:40  Orbital Command  
  20  1:53  Supply Depot  
  20  2:06  Reaper, SCV  
  22  2:19  Factory Tech Lab  
  22  2:21  Starport  
  22  2:24  SCV  
  23  2:36  Supply Depot  
  23  2:37  SCV  
  24  2:40  Liberator, Cyclone  
  27  2:49  SCV  
  31  3:01  SCV  
  32  3:11  Supply Depot  
  32  3:13  SCV  
  32  3:14  Cyclone  
  36  3:23  Liberator  
  36  3:25  SCV  
  37  3:37  SCV  
  37  3:38  Supply Depot  
  41  3:53  SCV  
  42  3:56  Cyclone  
  45  4:11  Command Center  
  45  4:12  SCV  
  46  4:28  Cyclone  
  49  4:43  SCV  
  50  4:46  Command Center  
  50  5:00  Cyclone  
  47  5:31  Refinery  
  47  5:32  Refinery  
Tags
 
Add a new tag
Caveats
  • Supply blocks, unpowered buildings, or Contaminate may cause inaccurate times.
  • Supply counts are checked every 10 seconds.